 Dungeon Crawl Stone Soup version 0.27-a0-1448-g9c78c815f3 (webtiles) character file.

Game seed: 1019546077939703255

252 AarnesTheHuman the Shield-Bearer (level 6, -1/49 HPs)
             Began as a Formicid Fighter on July 5, 2021.
             Slain by Robin (6 damage)
             ... on level 2 of the Dungeon.
             The game lasted 00:03:46 (3397 turns).

AarnesTheHuman the Shield-Bearer (Formicid Fighter) Turns: 3397, Time: 00:03:47

Health: -1/49      AC:  7    Str: 23    XL:     6   Next: 36%
Magic:  6/6        EV:  9    Int:  7    God:
Gold:   129        SH: 10    Dex: 10    Spells: 5/5 levels left

rFire    . . .     SeeInvis +   a - +0 quarterstaff
rCold    . . .     Faith    .   c - +0 kite shield
rNeg     . . .     Spirit   .   b - +0 scale mail
rPois    .         Reflect  .   (helmet unavailable)
rElec    .         Harm     .   (no cloak)
rCorr    .         Rampage  .   (no gloves)
Will     .....                  (no boots)
Stlth    ..........             (no amulet)
HPRegen  0.16/turn              (no ring)
MPRegen  0.10/turn              (no ring)

@: no status effects
A: permanent stasis, dig shafts and tunnels, antennae 3, four strong arms
a: Dig, Shaft Self


You were on level 2 of the Dungeon.
You visited 1 branch of the dungeon, and saw 3 of its levels.

You collected 129 gold pieces.

Inventory:

Hand Weapons
 a - a +0 quarterstaff (weapon)
 n - a +1 dagger of draining
Missiles
 o - 37 poisoned darts
Armour
 b - a +0 scale mail (worn)
 c - a +0 kite shield (worn)
Jewellery
 k - an amulet of faith
Scrolls
 e - 3 scrolls of teleportation {unknown}
 f - 2 scrolls of magic mapping {unknown}
 i - a scroll of silence {unknown}
 j - 2 scrolls of fear {unknown}
 l - 2 scrolls of identify {unknown}
 m - a scroll of blinking {unknown}
Potions
 d - a potion of might
 g - 2 potions of heal wounds {unknown}
 h - 2 potions of curing {unknown}


   Skills:
 + Level 4.6 Fighting
 - Level 2.0 Staves
 + Level 4.5 Armour
 * Level 6.2 Shields


You had 5 spell levels left.
You didn't know any spells.
Your spell library contained the following spells:

 Spells                   Type           Power      Damage    Failure   Level
 Summon Small Mammal      Summ           0%         N/A       90%         1
 Call Canine Familiar     Summ           0%         N/A       99%         3
 Conjure Flame            Conj/Fire      0%         6-21      99%         3
 Ignite Poison            Fire/Tmut/Pois 0%         N/A       99%         3
 Summon Guardian Golem    Hex/Summ       0%         N/A       99%         3
 Sticky Flame             Conj/Fire      0%         2d3       100%        4


Dungeon Overview and Level Annotations

Branches:
Dungeon (3/15)

Altars:
Yredelemnul
Beogh

Annotations:
D:2 Robin
D:3 3 runed translucent doors, YoungGLord's ghost, amateur GrEE


Innate Abilities, Weirdness & Mutations

You cannot be hasted, slowed, berserked, paralysed or teleported.
You can dig through walls and to a lower floor.
You have a pair of large antennae on your head. (SInv)
Your four strong arms can wield two-handed weapons with a shield.


Message History

The hobgoblin hits you. Robin hits you with a +0 short sword.
The hobgoblin hits you but does no damage.
You block the hobgoblin's attack.
You hit Robin but do no damage.
Robin is severely wounded.
You block Robin's attack.
The hobgoblin hits you but does no damage.
The hobgoblin completely misses you. Robin hits you but does no damage.
The hobgoblin closely misses you.
You hit Robin but do no damage.
Robin is severely wounded.
The hobgoblin no longer looks unusually strong.
You block the hobgoblin's attack. You block Robin's attack.
The hobgoblin closely misses you.
You hit Robin.
Robin is almost dead.
The hobgoblin hits you but does no damage.
Robin hits you but does no damage. The hobgoblin hits you.
Your shield and scale mail prevent you from hitting Robin.
Robin is almost dead.
The hobgoblin hits you.
* * * LOW HITPOINT WARNING * * *
Robin hits you with a +0 short sword!
* * * LOW HITPOINT WARNING * * *
The hobgoblin hits you.
* * * LOW HITPOINT WARNING * * *
You block the hobgoblin's attack.
Robin roars a battlecry!
The hobgoblin goes into a battle-frenzy!
The hobgoblin closely misses you.
You closely miss Robin.
Robin is almost dead.
The hobgoblin no longer looks unusually strong.
The hobgoblin hits you but does no damage.
You block Robin's attack. You block the hobgoblin's attack.
You hit Robin but do no damage.
Robin is almost dead.
The hobgoblin hits you but does no damage.
Robin hits you with a +0 short sword.
You die...

#.# ##...##
########.# #. #.#
##'## #.# #. #.#
##.##### #.# #. #.##
##..##..## #.# #.
.#.## ##........##
#.# ##
###.######..........#
#.# #
##................#
#.#
###.#####.#......).##
#.# .#.##
#.#....g@g.#######.#
#.##
#......(g).........#
###
#............#######
###.)......###
##..##..## ##.#####
#.# #.# #### #.# #...


You could see Robin and 2 hobgoblins.

Vanquished Creatures
  A black bear (D:3)
  Jessica (D:3)
  5 adders
  6 worms
  2 orcs (D:3)
  3 bats
  4 endoplasms
  A giant cockroach (D:2)
  13 goblins
  2 hobgoblins (D:3)
  11 jackals
  5 kobolds
  6 quokkas
  A ball python (D:2)
  3 frilled lizards (D:1)
  A rat (D:2)
65 creatures vanquished.

Notes
Turn   | Place    | Note
-------+----------+-------------------------------------------
     0 | D:1      | AarnesTheHuman the Formicid Fighter began the quest for the
                  | Orb.
     0 | D:1      | Reached XP level 1. HP: 18/18 MP: 1/1
   184 | D:1      | Reached XP level 2. HP: 13/24 MP: 2/2
   189 | D:1      | Reached skill level 4 in Shields
   714 | D:1      | Reached XP level 3. HP: 29/29 MP: 3/3
  1369 | D:2      | Reached XP level 4. HP: 23/37 MP: 4/4
  1794 | D:2      | Reached skill level 5 in Shields
  2128 | D:2      | Found a faded altar of an unknown god.
  2424 | D:2      | Reached XP level 5. HP: 41/42 MP: 5/5
  2537 | D:3      | Noticed Jessica
  2540 | D:3      | Killed Jessica
  2788 | D:3      | Found a basalt altar of Yredelemnul.
  2908 | D:3      | Noticed a black bear
  2916 | D:3      | Killed a black bear
  2917 | D:3      | Reached skill level 6 in Shields
  2917 | D:3      | Reached XP level 6. HP: 41/49 MP: 6/6
  3235 | D:3      | Found a runed translucent gate.
  3235 | D:3      | Found a runed translucent gate.
  3236 | D:3      | Found a runed translucent gate.
  3240 | D:3      | Noticed YoungGLord's ghost (amateur GrEE)
  3245 | D:3      | Identified the +1 scale mail of the Kangaroo {rPois rC+
                  | Int+4}
  3276 | D:3      | Noticed Robin
  3397 | D:2      | Slain by Robin

Illustrated notes

Levels and vault maps discovered:
D:1:      wander_arrival_chamber, layout_loops_ring, minmay_domino_2
D:2:      layout_loops_corners, ebering_ecumenical_altar_abandoned, st_stairs_5
D:3:      cheibrodos_greedy_goblins, layout_loops_corners, pf_just_have_faith,
          biasface_ghost_orc_armoury, mrwooster_statue_mirror, kennysheep_nub,
          uniq_terence, uniq_robin, uniq_jessica

Skill      XL: |  1  2  3  4  5 |
---------------+----------------+-----
Shields        | 4 5 6 |  6.2
Fighting       | 4 |  4.6
Armour         | 4 |  4.5
Staves         | |  2.0

Action                   |  1- 3 |  4- 6 || total
-------------------------+-------+-------++-------
Melee: Quarterstaff      |   100 |   120 ||   220
Armor: Scale mail        |    53 |    57 ||   110
Dodge: Dodged            |    31 |    42 ||    73
Block: Kite shield       |    78 |    79 ||   157

Table legend: (Time is in decaauts)
 A = Elapsed time spent in this place.
 B = Non-inter-level travel time spent in this place.
 C = Inter-level travel time spent in this place.
 D = Time resting spent in this place.
 E = Time spent auto-exploring this place.
 F = Levels seen in this place.
 G = Mean time per level.
                   A        B        C        D        E       F      G
               +--------+--------+--------+--------+--------+-----+--------+
         Total |   3473 |   3410 |     63 |    861 |   2022 |   3 | 1157.7 |
       Dungeon |   3473 |   3410 |     63 |    861 |   2022 |   3 | 1157.7 |
               +--------+--------+--------+--------+--------+-----+--------+

Top non-repeatable levels by time:
     D:2: 1476 daAuts
     D:1: 1188 daAuts
     D:3: 809 daAuts
